 Seeded DCSS version 0.29-a0-393-g47a863cc1b (webtiles) character file.

Game seed: 62596 (custom seed)

4015 Psyclone the Frost Mage (level 10, -5/64 HPs)
             Began as an Octopode Ice Elementalist on May 10, 2022.
             Was an Initiate of Gozag.
             Killed from afar by Harold (31 damage)
             ... with a bolt of acid
             ... on level 9 of the Dungeon.
             The game lasted 00:19:57 (9898 turns).

Psyclone the Frost Mage (Octopode Ice Elementalist) Turns: 9898, Time: 00:19:58

Health: -5/64      AC: 10    Str:  8    XL:     10   Next: 23%
Magic:  10/15      EV: 15    Int: 21    God:    Gozag
Gold:   561        SH:  0    Dex: 19    Spells: 8/15 levels left

rFire   . . .      SeeInvis .   z - +2 dagger (venom)
rCold   . . .      Faith    .   (no shield)
rNeg    . . .      Spirit   .   (helmet restricted)
rPois   .          Reflect  .   (no amulet)
rElec   .          Harm     .   m - +6 ring of dexterity
rCorr   .          Rampage  .   (no ring)
Will    .....                   (no ring)
Stlth   +++.......              (no ring)
HPRegen 0.20/turn               (no ring)
MPRegen 0.14/turn               (no ring)
                                (no ring)
                                (no ring)

@: ice-armoured, corroded, gold aura, freezing walls, studying Fighting
A: almost no armour, amphibious, 8 rings, camouflage 1, gelatinous body 1,
(nimble swimmer 1), tentacles, tentacle spike 1, iridescent scales 1, shaggy fur
2
a: Renounce Religion, Potion Petition, Call Merchant, Bribe Branch


You were on level 9 of the Dungeon.
You worshipped Gozag.
Gozag was pleased with you.
You visited 2 branches of the dungeon, and saw 10 of its levels.

You collected 1100 gold pieces.
You spent 457 gold pieces at shops.
You paid 82 gold pieces to Gozag.

Inventory:

Hand Weapons
 z - a +2 dagger of venom (weapon)
Missiles
 p - 3 throwing nets {!f}
Jewellery
 m - a +6 ring of dexterity (left tentacle)
 o - a +4 ring of protection
Scrolls
 b - 7 scrolls of enchant weapon
 c - a scroll of fear
 d - a scroll of magic mapping
 i - 2 scrolls of enchant armour
 j - 3 scrolls of teleportation
 l - a scroll of vulnerability
 q - 2 scrolls of amnesia
 s - 3 scrolls of fog
 t - a scroll of blinking
 w - a scroll of immolation
 y - a scroll of summoning
Potions
 a - 4 potions of magic
 e - 2 potions of heal wounds
 f - a potion of haste {unknown}
 g - 2 potions of curing
 h - a potion of ambrosia
 k - a potion of degeneration {unknown}
 n - a potion of resistance
 r - a potion of brilliance
 u - a potion of mutation
 v - 2 potions of flight
 x - a potion of berserk rage


   Skills:
 + Level 4.2 Fighting
 + Level 3.6 Dodging
 - Level 2.6 Stealth
 + Level 3.4 Spellcasting
 - Level 13.8 Ice Magic


You had 8 spell levels left.
You knew the following spells:

 Your Spells              Type           Power      Damage    Failure   Level
a - Freeze                Ice            100%       1d11      1%          1
b - Frozen Ramparts       Ice            100%       1d12      1%          3
c - Ozocubu's Armour      Ice            58%        N/A       1%          3

Your spell library contained the following spells:

 Spells                   Type           Power      Damage    Failure   Level
 Hailstorm                Conj/Ice       32%        3d8       8%          4
 Leda's Liquefaction      Hex/Erth       1%         N/A       77%         4
 Lee's Rapid Deconstruct  Erth           1%         3d5*      98%         5
 Statue Form              Tmut/Erth      2%         N/A       100%        6


Dungeon Overview and Level Annotations

Branches:
Dungeon (9/15)             Temple (1/1) D:5
   Lair: D:8-11         Orc: D:9-12

Altars:
Ashenzari
Cheibriados
Dithmenos
Elyvilon
Fedhas
Gozag
Hepliaklqana
Kikubaaqudgha
Makhleb
Nemelex Xobeh
Okawaru
Qazlal
Ru
Sif Muna
Trog
Uskayaw
Vehumet
Wu Jian
Xom
Yredelemnul
Zin
The Shining One

Shops:
D:2 ?   D:7 *   D:8 :?(:!

Annotations:
D:9 Harold


Innate Abilities, Weirdness & Mutations

You cannot wear most types of armour.
You are amphibious.
You can wear up to eight rings at the same time.
Your skin changes colour to match your surroundings (Stealth+).
Your rubbery body absorbs attacks. (AC +1, EV +1)
((You are camouflaged when in or above water. (Stealth+)))
You have tentacles for arms and can constrict up to eight enemies at once.
One of your tentacles bears a spike.
You are partially covered in iridescent scales. (AC +2)
You are covered in thick fur. (AC +2)


Message History

Harold shouts!
MP restored: 15 A scorpion comes into view.
The scorpion stings the fungus.
The fungus begins to die.
The fungus is poisoned.
The scorpion poisons the fungus!
Harold zaps a wand.
The bolt of acid hits you!! The acid corrodes you!
You take 23 damage, and have 40/63 hp.
MASSIVE DAMAGE!!
Something stings the fungus.
A nearby fungus withers and dies.
Casting: Frozen Ramparts (safe; 1% risk of failure)
Confirm with . or Enter, or press ? or * to list all spells.
Casting: Frozen Ramparts (safe; 1% risk of failure)
Press: ? - help, Dir - look around, f - activate The walls around you are covered in ice.
The wall freezes Harold!
Harold says, "I was hoping my final job would be more of a challenge, but money is money."
Harold throws a throwing net.
The throwing net closely misses you.
You now have 12/15 mp.
Casting: Frozen Ramparts (safe; 1% risk of failure)
Confirm with . or Enter, or press ? or * to list all spells.
A film of ice covers your body!
The wall freezes Harold!
Harold hits you from afar with a +0 vampiric trident!
The wall freezes the scorpion.
You take 12 damage, and have 29/63 hp.
You now have 9/15 mp.
The wall freezes Harold!
Harold throws a throwing net.
The throwing net hits you.
You become entangled in the net!
The wall freezes the scorpion.
The scorpion stings you.
You take 5 damage, and have 24/63 hp.
You struggle against the net.
The wall freezes Harold.
Harold barely misses you.
The wall freezes the scorpion!
You kill the scorpion!
You struggle against the net.
The wall freezes Harold.
Harold gestures at you while chanting.
You barely resist.
You struggle against the net.
The wall freezes Harold!
Harold closely misses you.
You shred the net and break free!
The wall freezes Harold.
Harold zaps a wand.
The bolt of acid hits you!!
You die...
Your body crumbles into a pile of gold.

.. #P.P...# #. .PP..####.P.P..#
#. ...P...PP......# #.
#P..P....PP...(########.
...PPP...P.P............
......PP..............
#........############ ##$##@..#
#.@....# ####...# #...# #...#
#...# ##################...#
#<...................############
#......).........>...............
#.........................>......


You could see Harold.

Vanquished Creatures
  A hornet (D:9)
  4 wyverns
  2 steam dragons
  2 sky beasts (D:7)
  An orc warrior (D:8)
  4 ice beasts
  2 ogres (D:5)
  2 black bears
  2 centaurs (D:8)
  2 kobold brigands (D:9)
  2 phantoms (D:5)
  3 bullfrogs
  3 scorpions
  A necrophage (D:6)
  6 killer bees (D:9)
  2 howler monkeys
  6 jellies
  3 orc priests
  A gnoll shaman (D:6)
  3 hounds
  An iguana (D:4)
  4 orc wizards
  9 gnolls
  7 adders
  A shadow imp (D:8)
  A white imp (D:7)
  2 ufetubi
  A worm (D:5)
  A dart slug (D:2)
  21 orcs
  6 ball pythons
  5 endoplasms
  5 goblins
  4 hobgoblins
  4 jackals
  2 bats
  2 frilled lizards (D:2)
  17 kobolds
  4 rats (D:1)
149 creatures vanquished.

Vanquished Creatures (others)
  4 fungi (D:9)
  3 plants (D:9)
7 creatures vanquished.

Grand Total: 156 creatures vanquished

Notes
Turn   | Place    | Note
-------+----------+-------------------------------------------
     0 | D:1      | Psyclone the Octopode Ice Elementalist began the quest for
                  | the Orb.
     0 | D:1      | Reached XP level 1. HP: 11/11 MP: 3/3
   417 | D:1      | Reached XP level 2. HP: 13/17 MP: 0/5
  1840 | D:2      | Found Turaam's Magic Scroll Shop.
  1954 | D:3      | Reached skill level 5 in Ice Magic
  1954 | D:3      | Reached XP level 3. HP: 14/21 MP: 6/6
  2332 | D:3      | Found a faded altar of an unknown god.
  2368 | D:3      | Learned a level 3 spell: Frozen Ramparts
  2412 | D:3      | Reached XP level 4. HP: 21/27 MP: 3/7
  3131 | D:3      | Reached skill level 6 in Ice Magic
  3164 | D:3      | Gained mutation: You are covered in fur. (AC +1) [potion of
                  | mutation]
  3164 | D:3      | Gained mutation: You are partially covered in iridescent
                  | scales. (AC +2) [potion of mutation]
  3164 | D:3      | Gained mutation: One of your tentacles bears a spike.
                  | [potion of mutation]
  3164 | D:3      | Gained mutation: You are covered in thick fur. (AC +2)
                  | [potion of mutation]
  3275 | D:4      | Reached XP level 5. HP: 27/31 MP: 8/8
  3718 | D:4      | Reached skill level 7 in Ice Magic
  3718 | D:4      | Reached XP level 6. HP: 30/36 MP: 4/9
  4096 | D:4      | Learned a level 3 spell: Ozocubu's Armour
  4120 | D:5      | Entered Level 5 of the Dungeon
  4408 | D:5      | Reached skill level 8 in Ice Magic
  4408 | D:5      | Reached XP level 7. HP: 41/41 MP: 3/10
  4763 | D:5      | Found a staircase to the Ecumenical Temple.
  4773 | Temple   | Entered the Ecumenical Temple
  4965 | Temple   | Became a worshipper of Gozag Ym Sagoz the Greedy
  5023 | D:5      | Reached skill level 9 in Ice Magic
  5462 | D:5      | Identified the +0 chain mail of Erghei {+Blink rF- rCorr}
  5558 | D:5      | Found a hazy altar of Hepliaklqana.
  5577 | D:5      | Found a blossoming altar of Fedhas.
  5611 | D:5      | Reached XP level 8. HP: 46/46 MP: 5/11
  5958 | D:6      | Reached skill level 10 in Ice Magic
  6508 | D:6      | Reached skill level 11 in Ice Magic
  6935 | D:7      | Reached XP level 9. HP: 42/51 MP: 12/12
  7029 | D:7      | Reached skill level 12 in Ice Magic
  7522 | D:7      | Found Nuemm's Assorted Antiques.
  7530 | D:7      | Bought a metallic green potion for 25 gold pieces
  7565 | D:8      | Found Duruq's Weapon Boutique.
  7675 | D:8      | Reached skill level 13 in Ice Magic
  8078 | D:8      | Found Faexyt's Distillery.
  8124 | D:8      | Found Xuec's Magic Scroll Shoppe.
  8140 | D:8      | Found Nis Olyu's Book Shop.
  8427 | D:8      | Found Fig Naxt's Book Shop.
  8435 | D:8      | Bought a book of the Earth for 432 gold pieces
  9261 | D:9      | Reached skill level 1 in Fighting
  9263 | D:9      | Reached XP level 10. HP: 60/60 MP: 6/13
  9398 | D:9      | Paralysed by a hornet for 3 turns
  9886 | D:9      | Noticed Harold
  9898 | D:9      | Killed from afar by Harold

Illustrated notes

Levels and vault maps discovered:
D:1:      minmay_arrival_split_and_join, layout_loops_ring
D:2:      layout_loops_ring, serial_shops, shop
D:3:      layout_loops_ring, hellmonk_ecumenical_altar_lost_god
D:4:      layout_cave_pools, st_stairs_4
D:5:      layout_gridville, mainiacjoe_overflow_large_starburst,
          minmay_temple_entry_gardened_gates, hangedman_abyss_or_decor_passed,
          amcnicky_mini_pool_medium
D:6:      layout_basic
D:7:      layout_gridville, serial_shops, shop
D:8:      layout_gridville, serial_shops, shop, nicolae_take_the_stairs,
          nicolae_shop_waterfront, shop_statue, shop
D:9:      layout_long_grid, grunt_lair_entry_orc_guard_hut, serial_shops, shop,
          uniq_harold
Temple:   regret_index_temple_chain_breaker

Skill      XL: |  1  2  3  4  5  6  7  8  9 10 |
---------------+-------------------------------+-----
Ice Magic      | 5 6 7 8 9 11 13 | 13.8
Fighting       | 2 4 |  4.2
Dodging        | 3 |  3.6
Spellcasting   | 3 |  3.4
Stealth        | |  2.6

Action                   |  1- 3 |  4- 6 |  7- 9 | 10-12 || total
-------------------------+-------+-------+-------+-------++-------
Melee: Unarmed           |     6 |       |       |       ||     6
       Constrict         |     5 |    10 |    13 |     2 ||    30
       Tentacles         |     2 |    16 |    32 |     4 ||    54
       Dagger            |    17 |    64 |   118 |    10 ||   209
       Kick              |       |    18 |    46 |     4 ||    68
       Punch             |       |       |     4 |       ||     4
 Cast: Freeze            |    27 |     4 |    23 |     1 ||    55
       Frozen Ramparts   |       |    13 |    31 |     6 ||    50
       Ozocubu's Armour  |       |     2 |    15 |     1 ||    18
  Use: Scroll            |     8 |     3 |     6 |       ||    17
       Potion            |     2 |     3 |     2 |     1 ||     8
 Stab: Sleeping          |     7 |     1 |     5 |     2 ||    15
Armor: Skin              |     6 |    22 |    66 |     4 ||    98
Dodge: Dodged            |    24 |    52 |   103 |    24 ||   203

Table legend: (Time is in decaauts)
 A = Elapsed time spent in this place.
 B = Non-inter-level travel time spent in this place.
 C = Inter-level travel time spent in this place.
 D = Time resting spent in this place.
 E = Time spent auto-exploring this place.
 F = Levels seen in this place.
 G = Mean time per level.
                   A        B        C        D        E       F      G
               +--------+--------+--------+--------+--------+-----+--------+
         Total |   9896 |   9702 |    194 |   1674 |   6556 |  10 |  989.6 |
       Dungeon |   9683 |   9509 |    174 |   1674 |   6419 |   9 | 1075.9 |
        Temple |    212 |    192 |     20 |      0 |    137 |   1 |  212.0 |
               +--------+--------+--------+--------+--------+-----+--------+

Top non-repeatable levels by time:
     D:8: 1697 daAuts
     D:5: 1608 daAuts
     D:3: 1240 daAuts
     D:1: 997 daAuts
     D:2: 947 daAuts
     D:4: 932 daAuts
     D:6: 874 daAuts
     D:7: 737 daAuts
     D:9: 647 daAuts
  Temple: 212 daAuts
